 Dungeon Crawl Stone Soup version 0.20.1-1-g8b1a95d (webtiles) character file.

79 polve the Slasher (level 4, 0/28 HPs)
             Began as a Tengu Berserker on July 18, 2017.
             Was a Believer of Trog.
             Slain by polve's ghost (6 damage)
             ... on level 3 of the Dungeon.
             The game lasted 00:01:55 (1769 turns).

polve the Slasher (Tengu Berserker)                 Turns: 1769, Time: 00:01:56

Health: 0/28       AC:  2    Str: 17    XL:     4   Next: 38%
Magic:  5/5        EV: 13    Int:  7    God:    Trog [**....]
Gold:   149        SH:  0    Dex: 15    Spells: 3/3 levels left

rFire    . . .     SeeInvis .   a - +0 falchion
rCold    . . .     Gourm    .   (no shield)
rNeg     . . .     Faith    .   b - +0 animal skin
rPois    .         Spirit   .   (helmet restricted)
rElec    .         Reflect  .   (no cloak)
rCorr    .         Harm     .   (no gloves)
MR       .....                  (boots unavailable)
Stlth    +.........             (no amulet)
Regen    0.1/turn               (no ring)
MPRegen  0.1/turn               (no ring)

@: berserk cooldown, slowed, very slow
A: beak, talons 3
a: Berserk, Trog's Hand, Burn Spellbooks, Renounce Religion


You were on level 3 of the Dungeon.
You worshipped Trog.
Trog was pleased with you.
You were very hungry.

You visited 1 branch of the dungeon, and saw 3 of its levels.

You collected 149 gold pieces.

Inventory:

Hand Weapons
 a - a +0 falchion (weapon)
Armour
 b - a +0 animal skin (worn)
Jewellery
 e - an uncursed ring of ice {unknown}
 j - a cursed ring of loudness {unknown}
Scrolls
 d - 3 scrolls of teleportation {unknown}
 g - 2 scrolls of enchant weapon {unknown}
 h - a scroll of recharging {unknown}
 k - a scroll of identify {unknown}
 o - a scroll of magic mapping {unknown}
 p - a scroll of fog {unknown}
 q - a scroll of remove curse {unknown}
 r - a scroll of random uselessness {unknown}
Potions
 f - 3 potions of curing {unknown}
 i - a potion of agility {unknown}
 m - a potion of might {unknown}
Comestibles
 c - 4 bread rations
 l - 3 chunks of flesh
 n - a royal jelly


   Skills:
 - Level 3.0 Fighting
 + Level 5.5 Long Blades
 - Level 2.1 Armour
 - Level 2.1 Dodging


You had 3 spell levels left.
You didn't know any spells.

Dungeon Overview and Level Annotations

Branches:
Dungeon (3/15)

Altars:
Dithmenos

Annotations:
D:3 polve's ghost, novice MfSk


Innate Abilities, Weirdness & Mutations

You have a beak for a mouth.
You have claws for feet.


Message History

Polve's ghost is heavily damaged.
Polve's ghost misses you. Polve's ghost hits you!
* * * LOW HITPOINT WARNING * * *
You hit polve's ghost.
Polve's ghost's shroud falls apart!
Polve's ghost is severely damaged.
Polve's ghost screams, "There is no future for me!"
Polve's ghost gestures wildly while chanting.
Space distorts along a thin shroud covering polve's ghost's form.
You hit polve's ghost.
Polve's ghost's shroud falls apart!
You claw polve's ghost.
You peck polve's ghost, but do no damage.
Polve's ghost is severely damaged.
Polve's ghost mumbles some strange words.
Space distorts along a thin shroud covering polve's ghost's form.
Polve's ghost hits you.
* * * LOW HITPOINT WARNING * * *
You barely miss polve's ghost. Your kick misses polve's ghost.
Polve's ghost is severely damaged.
Polve's ghost hits you.
You die...

##.................†...#
...........# #........#
#........# #####.####
#......#.#######.(# #
##......#......#..##
..........#........###
...#...###........(..#
#...#.# #.........#.#
#....>###..@......#..#
## ##.....(W......# ...
#<###.........# ###.
#..# ##.......## # #(##
#.........# ..
............. #.#
..#.........### ..
..##.........# ... .#
#.........#


You could see polve's ghost.

Vanquished Creatures
  2 adders
  An ooze (D:2)
  2 worms (D:2)
  A dart slug (D:1)
  A leopard gecko (D:1)
  2 giant cockroaches
  8 goblins
  3 hobgoblins (D:1)
  3 jackals (D:2)
  2 quokkas (D:2)
  9 bats
  2 frilled lizards (D:2)
  7 kobolds
  2 rats
45 creatures vanquished.

Notes
Turn   | Place    | Note
-------+----------+-------------------------------------------
     0 | D:1      | polve the Tengu Berserker began the quest for the Orb.
     0 | D:1      | Reached XP level 1. HP: 14/14 MP: 2/2
    73 | D:1      | Reached XP level 2. HP: 4/19 MP: 3/3
   396 | D:1      | Reached skill level 4 in Long Blades
   838 | D:2      | Found a shadowy altar of Dithmenos.
   846 | D:2      | Reached XP level 3. HP: 16/23 MP: 4/4
  1060 | D:2      | Reached ** piety under Trog
  1062 | D:2      | Reached skill level 5 in Long Blades
  1410 | D:2      | Reached XP level 4. HP: 28/28 MP: 5/5
  1756 | D:3      | Noticed polve's ghost (novice MfSk)
  1769 | D:3      | Slain by polve's ghost

Skill      XL: |  1  2  3 |
---------------+----------+-----
Long Blades    | 4 5 |  5.5
Fighting       | |  3.0
Armour         | |  2.1
Dodging        | |  2.1

Action                   |  1- 3 |  4- 6 || total
-------------------------+-------+-------++-------
Melee: Falchion          |    57 |    26 ||    83
       Kick              |    24 |     9 ||    33
       Peck              |     8 |     5 ||    13
Invok: Berserk           |     2 |     1 ||     3
 Stab: Sleeping          |     4 |       ||     4
  Eat: Chunk             |     3 |     1 ||     4
Armor: Animal skin       |    12 |     5 ||    17
Dodge: Dodged            |    39 |    18 ||    57
       Rpst.: Falchion   |    16 |     4 ||    20
